 Dungeon Crawl Stone Soup version 0.30.0-20-g3615ddf2f0 (webtiles) character file.

Game seed: 3183163847316558159

792 qw the Chopper (level 7, -1/43 HPs)
             Began as a Gargoyle Fighter on May 30, 2023.
             Slain by an ogre
             ... wielding a +0 giant spiked club
              (16 damage)
             ... on level 5 of the Dungeon.
             The game lasted 00:01:32 (3180 turns).

qw the Chopper (Gargoyle Fighter)                   Turns: 3180, Time: 00:01:33

Health: -1/43      AC: 13    Str: 27    XL:     7   Next: 88%
Magic:  7/7        EV:  9    Int:  9    God:
Gold:   113        SH:  4    Dex:  9    Spells: 6/6 levels left

rFire   . . .        Y - +3 war axe
rCold   . . .        c - +0 buckler
rNeg    + . .        h - +0 chain mail
rPois   inf          (no helmet)
rElec   +            (no cloak)
rCorr   .            (no gloves)
SInv    .            (no boots)
Will    .....        i - amulet of regeneration Stlth
                     m - +6 ring of strength
HPRegen 1.07/turn    (no ring)
MPRegen 0.10/turn

%: no passive effects
@: no status effects
A: sickness immunity, AC +4, negative energy resistance 1, electricity
resistance, torment resistance 1, petrification resistance
a: no special abilities


You were on level 5 of the Dungeon.
You visited 1 branch of the dungeon, and saw 5 of its levels.

You collected 195 gold pieces.
You spent 82 gold pieces at shops.


Innate Abilities, Weirdness & Mutations

You are immune to sickness and miasma.
Your stone body is resilient. (AC +4)
You are immune to poison.
You resist negative energy. (rN+)
You are resistant to electric shocks. (rElec)
You are resistant to unholy torment.
You are immune to petrification.


   Skills:
 - Level 4.0 Fighting
 + Level 6.7 Axes
 - Level 2.8 Throwing
 - Level 3.2 Armour
 - Level 1.7 Dodging
 - Level 3.2 Shields


You had 6 spell levels left.
You didn't know any spells.
Your spell library was empty.

Inventory:

Hand Weapons
 k - a +0 flail
 Y - a +3 war axe (weapon)
Missiles
 n - 4 boomerangs
 t - a silver javelin (quivered)
Armour
 c - a +0 buckler (worn)
 h - a +0 chain mail (worn)
Jewellery
 i - an amulet of regeneration (around neck)
 m - a +6 ring of strength (left hand)
Scrolls
 a - a scroll of teleportation
 b - 3 scrolls of enchant armour
 e - a scroll of identify
Potions
 d - 2 potions of might
 g - a potion of mutation {unknown}
 j - a potion of brilliance {unknown}
 l - 2 potions of curing {unknown}
 o - a potion of lignification {unknown}
 p - a potion of berserk rage {unknown}
 q - a potion of invisibility {unknown}
 r - a potion of heal wounds {unknown}

Dungeon Overview and Level Annotations

Branches:
Dungeon (5/15)
 Temple: D:4-7

Altars:
Nemelex Xobeh
Qazlal
Xom

Shops:
D:1 (   D:2 =   D:3 ?   D:4 **


Message History

The ogre shouts!
The ogre moves out of view.
Enter note:
Enter note:
Enter note:
Enter note:
Enter note:
Enter note:
Enter note:
Enter note:
Enter note:
Enter note:
Enter note:
Enter note: You throw a silver javelin.
The silver javelin barely misses the ogre.
An iguana comes into view.
You hit the ogre.
The ogre is moderately wounded.
The ogre hits you with a +0 giant spiked club!
You barely miss the ogre.
The ogre is moderately wounded.
You barely miss the iguana.
The iguana bites you but does no damage.
You hit the ogre.
The ogre is moderately wounded.
You hit the iguana but do no damage.
The ogre hits you with a +0 giant spiked club!!
The iguana barely misses you.
You hit the ogre.
The ogre is moderately wounded.
You closely miss the iguana.
The iguana bites you but does no damage.
The ogre closely misses you.
You barely miss the ogre.
The ogre is moderately wounded.
You barely miss the iguana. The iguana bites you.
The ogre hits you with a +0 giant spiked club!
You die...

#(# #.# #.# ...
#.##### #.....
########O?###
#.......@l..#
##.####...#.# #.#
#...+ #.# #...#
#.# #...# ....
#.# #...+ .....
#.####...##.....#
#.........#.....+
######.##.......#


You could see an ogre and an iguana.

Vanquished Creatures
  An ice beast (D:5)
  2 ogres (D:5)
  A scorpion (D:5)
  A jelly (D:3)
  3 hounds (D:4)
  A gnoll bouda (D:3)
  2 orc priests (D:4)
  An orc wizard (D:4)
  3 gnolls (D:3)
  12 adders
  An ufetubus (D:5)
  3 dart slugs
  7 orcs
  9 endoplasms
  7 giant cockroaches
  5 goblins
  8 hobgoblins
  3 jackals (D:5)
  4 quokkas
  2 ball pythons (D:3)
  6 bats
  3 frilled lizards
  6 kobolds
  A rat (D:3)
92 creatures vanquished.

Notes
Turn   | Place    | Note
-------+----------+-------------------------------------------
     0 | D:1      | qw the Gargoyle Fighter began the quest for the Orb.
     0 | D:1      | Reached XP level 1. HP: 14/14 MP: 1/1
     0 | D:1      | 0 ||| qw: Version: 0.2-a-102-g2b76a06
     0 | D:1      | 0 ||| qw: Game counter: 497
     0 | D:1      | 0 ||| qw: Always use a shield: true
     0 | D:1      | 0 ||| qw: God list: Okawaru
     0 | D:1      | 0 ||| qw: Allow faded altars: false
     0 | D:1      | 0 ||| qw: Do Orc after D:15 true
     0 | D:1      | 0 ||| qw: Do second Lair branch before Depths: true
     0 | D:1      | 0 ||| qw: Lair rune preference: random
     0 | D:1      | 0 ||| qw: Plans: Normal, Zot:1-4, Slime:5, God:TSO, Crypt,
                  | Tomb, Pan, Hells, Abyss, Win
     0 | D:1      | 0 ||| PLANNING D:1-11
    52 | D:1      | Reached skill level 2 in Axes
   101 | D:1      | Found Busoanun's Antique Weapon Shop.
   115 | D:1      | 115 ||| SHOPLISTING club (32 gold, have 18).
   115 | D:1      | 115 ||| SHOPLISTING whip (80 gold, have 18).
   140 | D:1      | 140 ||| Stepping ~*~*~tactically~*~*~ (stealth).
   144 | D:1      | Reached XP level 2. HP: 19/19 MP: 2/2
   255 | D:1      | 255 ||| Stepping ~*~*~tactically~*~*~ (stealth).
   257 | D:1      | 257 ||| Stepping ~*~*~tactically~*~*~ (stealth).
   312 | D:1      | Reached skill level 3 in Axes
   472 | D:1      | Reached XP level 3. HP: 20/23 MP: 3/3
   724 | D:1      | 724 ||| UPGRADING to +0 chain mail.
   734 | D:1      | 734 ||| DROPPING +0 scale mail.
   735 | D:1      | 735 ||| UPGRADING to amulet of regeneration.
   740 | D:1      | 740 ||| READING scroll labelled GEGAOW ZOCW.
   899 | D:2      | Found a stormy altar of Qazlal.
   988 | D:2      | Found Nink's Jewellery Emporium.
   989 | D:2      | Identified the +0 leather armour of Fedhas's Whim {rElec
                  | Dex+6}
  1007 | D:2      | Reached XP level 4. HP: 26/28 MP: 4/4
  1012 | D:2      | Reached skill level 1 in Throwing
  1016 | D:2      | 1016 ||| SHOPLISTING +6 ring of strength (504 gold, have
                  | 54).
  1016 | D:2      | 1016 ||| SHOPLISTING amulet of faith (560 gold, have 54).
  1016 | D:2      | 1016 ||| SHOPLISTING amulet of reflection (420 gold, have
                  | 54).
  1452 | D:2      | 1452 ||| DROPPING +0 mace.
  1453 | D:2      | 1453 ||| READING scroll labelled XOBRO LOYWUEG.
  1454 | D:2      | 1454 ||| READING scroll labelled UPHEJ TURANTI.
  1557 | D:3      | 1557 ||| READING scroll of enchant weapon.
  1557 | D:3      | 1557 ||| ENCHANTING +1 war axe.
  1558 | D:3      | Found Coh Sodgh's Magic Scroll Boutique.
  1567 | D:3      | 1567 ||| BUYING scroll of enchant armour (82 gold).
  1567 | D:3      | Bought a scroll of enchant armour for 82 gold pieces
  1567 | D:3      | 1567 ||| SHOPLISTING scroll of enchant weapon (82 gold,
                  | have 1).
  1567 | D:3      | 1567 ||| SHOPLISTING scroll of identify (22 gold, have 1).
  1567 | D:3      | 1567 ||| SHOPLISTING scroll of teleportation (33 gold, have
                  | 1).
  1569 | D:3      | 1569 ||| Stepping ~*~*~tactically~*~*~ (stealth).
  1570 | D:3      | 1570 ||| Stepping ~*~*~tactically~*~*~ (stealth).
  1572 | D:3      | 1572 ||| Stepping ~*~*~tactically~*~*~ (stealth).
  1573 | D:3      | 1573 ||| Stepping ~*~*~tactically~*~*~ (stealth).
  1621 | D:3      | Reached skill level 4 in Axes
  1732 | D:3      | 1732 ||| Stepping ~*~*~tactically~*~*~ (stealth).
  1850 | D:3      | 1850 ||| READING scroll of enchant weapon.
  1850 | D:3      | 1850 ||| ENCHANTING +2 war axe.
  1912 | D:3      | Reached XP level 5. HP: 32/32 MP: 5/5
  2082 | D:3      | 2082 ||| READING scroll labelled QUWAFEBLETUV.
  2083 | D:3      | 2083 ||| READING scroll labelled BOUVYM HEIRA.
  2113 | D:4      | Found a sparkling altar of Nemelex Xobeh.
  2165 | D:4      | 2165 ||| Stepping ~*~*~tactically~*~*~ (hiding).
  2166 | D:4      | 2166 ||| Stepping ~*~*~tactically~*~*~ (hiding).
  2170 | D:4      | Found a shimmering altar of Xom.
  2173 | D:4      | Reached skill level 5 in Axes
  2316 | D:4      | Reached XP level 6. HP: 38/38 MP: 6/6
  2349 | D:4      | 2349 ||| Stepping ~*~*~tactically~*~*~ (stealth).
  2349 | D:4      | Found Taentun's General Store.
  2354 | D:4      | 2354 ||| Stepping ~*~*~tactically~*~*~ (stealth).
  2363 | D:4      | 2363 ||| Stepping ~*~*~tactically~*~*~ (stealth).
  2382 | D:4      | Found Yzal's Specific Store.
  2387 | D:4      | 2387 ||| SHOPLISTING +3 ring mail of fire resistance (364
                  | gold, have 61).
  2434 | D:4      | 2434 ||| Stepping ~*~*~tactically~*~*~ (hiding).
  2492 | D:4      | 2492 ||| FLEEEEING.
  2493 | D:4      | 2493 ||| FLEEEEING.
  2494 | D:4      | 2494 ||| STAIRDANCE
  2596 | D:3      | 2596 ||| UPGRADING to +6 ring of strength.
  2597 | D:3      | 2597 ||| READING scroll labelled NANOULOUBO.
  2598 | D:3      | 2598 ||| READING scroll labelled HIODGHOOMPI.
  2599 | D:3      | 2599 ||| READING scroll labelled CUQAKHLUZ JOL.
  2600 | D:3      | 2600 ||| READING scroll labelled DIWUOSCH WUVVO.
  2604 | D:4      | 2604 ||| STAIRDANCE
  2616 | D:4      | 2616 ||| STAIRDANCE
  2621 | D:3      | Reached skill level 6 in Axes
  2623 | D:3      | HP: 9/38 [gnoll bouda/+0 whip (4)]
  2672 | D:4      | Reached XP level 7. HP: 43/43 MP: 7/7
  2775 | D:4      | 2775 ||| READING scroll labelled DUSUIS FOUNGU.
  2776 | D:4      | 2776 ||| READING 2 scrolls of identify.
  2776 | D:4      | 2776 ||| IDENTIFYING silvery potion
  2777 | D:4      | 2777 ||| DROPPING potion of degeneration.
  2785 | D:5      | Entered Level 5 of the Dungeon
  2978 | D:5      | Reached skill level 1 in Dodging
  3042 | D:5      | 3042 ||| Stepping ~*~*~tactically~*~*~ (hiding).
  3180 | D:5      | Slain by an ogre

Levels and vault maps discovered:
D:1:      dpeg_arrival_round_a, layout_basic, serial_shops, shop,
          hangedman_feature_mirror
D:2:      layout_basic, serial_shops, nicolae_shop_gaudy_bauble, basic_altar
D:3:      layout_basic, serial_shops, shop
D:4:      layout_rooms, lemuel_crystal_altar, mainiacjoe_overflow_24_doors,
          kennysheep_flooded_box, nicolae_specific_store
D:5:      kennysheep_steamy, layout_basic, serial_bayou, serial_bayou_pond_b,
          serial_bayou_pond_e, serial_bayou_ford_a, serial_bayou_pond_e

Skill      XL: |  1  2  3  4  5  6  7 |
---------------+----------------------+-----
Axes           | 2 3 4 5 6 |  6.7
Throwing       | 1 2 |  2.8
Fighting       | 4 |  4.0
Dodging        | 1 |  1.7
Armour         | |  3.2
Shields        | |  3.2

Action                     |  1- 3 |  4- 6 |  7- 9 || total
---------------------------+-------+-------+-------++-------
  Melee: War axe           |    81 |    90 |    27 ||   198
  Throw: Javelin           |     3 |    32 |    13 ||    48
         Boomerang         |       |     3 |     3 ||     6
    Use: Scroll            |     1 |    10 |     2 ||    13
 Armour: Scale mail        |    21 |       |       ||    21
         Chain mail        |    15 |    51 |     8 ||    74
  Dodge: Dodged            |    33 |    34 |     5 ||    72
  Block: Buckler           |    15 |    16 |     1 ||    32

Table legend:
 A = Non-vault XP
 B = Vault XP
 C = Vault XP percentage of total XP
 D = Non-vault monster count
 E = Vault monster count
 F = Vault count percentage of total count
                 A         B        C        D         E       F
            +---------+---------+-------+---------+---------+-------
      Total |    1119 |      13 |   1.1 |      91 |       1 |   1.1
            +---------+---------+-------+---------+---------+-------
        D:1 |      35 |       0 |   0.0 |      21 |       0 |   0.0
        D:2 |      79 |       0 |   0.0 |      18 |       0 |   0.0
        D:3 |     203 |       0 |   0.0 |      21 |       0 |   0.0
        D:4 |     308 |       0 |   0.0 |      21 |       0 |   0.0
        D:5 |     494 |      13 |   2.6 |      10 |       1 |   9.1
            +---------+---------+-------+---------+---------+-------
